 Dungeon Crawl Stone Soup version 0.24.1-14-gf8d2b509d9 (webtiles) character file.

Game seed: 2443368846095922935, levelgen mode: deterministic

457 KlarStein the Cudgeler (level 6, 0/49 HPs)
             Began as a Demonspawn Berserker on Dec 9, 2020.
             Was a Priest of Trog.
             Slain by a big kobold zombie (1 damage)
             ... in an ossuary.
             The game lasted 00:14:16 (3241 turns).

KlarStein the Cudgeler (Demonspawn Berserker)       Turns: 3241, Time: 00:14:17

Health: 0/49       AC: 13    Str: 17    XL:     6   Next: 77%
Magic:  6/6        EV: 13    Int:  9    God:    Trog [***...]
Gold:   31         SH:  0    Dex: 14    Spells: 5/5 levels left

rFire    + . .     SeeInvis .   a - +0 mace
rCold    + + .     Gourm    .   (no shield)
rNeg     . . .     Faith    .   z - +1 ring mail {rC+}
rPois    +         Spirit   .   (no helmet)
rElec    +         Reflect  .   w - +0 cloak
rCorr    .         Harm     .   (no gloves)
MR       .....     NoTele   +   p - +0 pair of boots
Stlth    +.........             (no amulet)
HPRegen  0.16/turn              j - +4 ring of protection
MPRegen  0.10/turn              A - ring "Diogoqaz" {-Tele rElec rPois rF+ rC+}

@: berserk cooldown, slowed, very slow
A: sturdy frame 1
a: Berserk, Trog's Hand, Renounce Religion


You were in an ossuary.
You worshipped Trog.
Trog was most pleased with you.
You were not hungry.

You visited 2 branches of the dungeon, and saw 5 of its levels.
You also visited: Ossuary.

You collected 207 gold pieces.
You spent 176 gold pieces at shops.

Inventory:

Hand Weapons
 a - a +0 mace (weapon)
Armour
 p - a +0 pair of boots (worn)
 w - a +0 cloak (worn)
 z - a +1 ring mail of cold resistance (worn)
Jewellery
 j - a +4 ring of protection (left hand)
 s - a +5 ring of intelligence
 A - the ring "Diogoqaz" (right hand) {-Tele rElec rPois rF+ rC+}
   (You found it on level 4 of the Dungeon)

   [ring of protection from fire]

   It protects you from fire.
   It protects you from cold.
   It insulates you from electricity.
   It protects you from poison.
   It prevents most forms of teleportation.
Wands
 k - a wand of flame (20)
 q - a wand of disintegration (17)
 y - a wand of paralysis (9)
Scrolls
 b - 6 scrolls of teleportation {unknown}
 d - 4 scrolls of remove curse {unknown}
 g - a scroll of immolation {unknown}
 l - 2 scrolls of amnesia {unknown}
 o - a scroll of noise {unknown}
 r - 2 scrolls of fear {unknown}
 t - 2 scrolls of enchant armour {unknown}
 v - 2 scrolls of identify {unknown}
Potions
 e - a potion of lignification {unknown}
 h - 2 potions of heal wounds {unknown}
 i - a potion of haste {unknown}
 m - 3 potions of curing {unknown}
 n - a potion of berserk rage {unknown}
 u - a potion of mutation {unknown}
 x - 3 potions of might
Comestibles
 c - 6 rations


   Skills:
 + Level 4.3 Fighting
 * Level 4.9 Maces & Flails
 + Level 3.3 Armour
 + Level 3.3 Dodging


You had 5 spell levels left.
You didn't know any spells.
Your spell library was empty.

Dungeon Overview and Level Annotations

Branches:
Dungeon (4/15)             Temple (1/1) D:4         Ossuary (1/1)

Altars:
Ashenzari
Dithmenos
Elyvilon
Gozag
Hepliaklqana
Okawaru
Qazlal
Uskayaw
Wu Jian
Zin
The Shining One

Shops:
D:4 ([

Annotations:
D:3 2 transporters, Kagalorn's ghost, amateur OpEE


Innate Abilities, Weirdness & Mutations

Your movements are slightly less encumbered by armour. (ER -2)


Message History

The hobgoblin zombie hits you but does no damage.
The human zombie hits you but does no damage.
The goblin zombie hits you but does no damage.
You hit the goblin zombie.
The goblin zombie is severely damaged.
The hobgoblin zombie closely misses you.
The big kobold zombie hits you.
* * * LOW HITPOINT WARNING * * *
The hobgoblin zombie barely misses you. The human zombie hits you.
* * * LOW HITPOINT WARNING * * *
The goblin zombie barely misses you.
The hobgoblin zombie hits you but does no damage.
The big kobold zombie misses you. The hobgoblin zombie misses you.
You barely miss the goblin zombie.
The goblin zombie is severely damaged.
The human zombie hits you.
* * * LOW HITPOINT WARNING * * *
The hobgoblin zombie hits you but does no damage.
The goblin zombie misses you. The big kobold zombie hits you.
You die...

#...# #... #...#
##... #...# ....
#...# #.^# #...#
#.^# #...# #Z^#
#...#
######..######...#
...........Z@Z...#
.....8..8..ZZZ...#
............Z....#
.................#
##################


You could see a goblin zombie, 2 hobgoblin zombies, 2 big kobold zombies and a
human zombie.

Vanquished Creatures
  An ogre (D:3)
  A water moccasin skeleton (D:4)
  A hound (D:3)
  Natasha (thrice) (D:3)
  2 mummies (Ossuary)
  A gnoll (D:1)
  7 adders
  2 oozes
  2 adder zombies (Ossuary)
  A worm (D:2)
  2 dart slugs
  3 leopard geckos
  5 orcs (D:3)
  8 bats
  6 giant cockroaches
  10 goblins
  9 hobgoblins
  6 jackals
  2 quokkas (D:2)
  A ball python (D:2)
  A ball python skeleton (D:4)
  4 frilled lizards
  6 hobgoblin zombies (Ossuary)
  4 jackal zombies (Ossuary)
  5 kobolds
  10 kobold zombies (Ossuary)
  7 orc zombies (Ossuary)
  4 rats
  A rat zombie (Ossuary)
115 creatures vanquished.

Notes
Turn   | Place    | Note
-------+----------+-------------------------------------------
     0 | D:1      | KlarStein the Demonspawn Berserker began the quest for the
                  | Orb.
     0 | D:1      | Reached XP level 1. HP: 18/18 MP: 1/1
   129 | D:1      | Gained mutation: Your movements are slightly less
                  | encumbered by armour. (ER -2) [demonic ancestry]
   129 | D:1      | Reached XP level 2. HP: 18/24 MP: 2/2
   373 | D:1      | Reached XP level 3. HP: 20/29 MP: 3/3
  1146 | D:2      | Reached ** piety under Trog
  1381 | D:2      | Reached XP level 4. HP: 32/35 MP: 4/4
  1759 | D:2      | Found a shattered altar of Ashenzari.
  1761 | D:2      | Found a hide-covered altar of Uskayaw.
  1764 | D:2      | Found a glowing golden altar of the Shining One.
  1766 | D:2      | Found an iron altar of Okawaru.
  1766 | D:2      | Found a hazy altar of Hepliaklqana.
  1767 | D:2      | Found an opulent altar of Gozag.
  1774 | D:2      | Found a white marble altar of Elyvilon.
  1776 | D:2      | Found a shadowy altar of Dithmenos.
  1777 | D:2      | Found an ornate altar of the Wu Jian Council.
  2025 | D:3      | Reached XP level 5. HP: 42/42 MP: 5/5
  2026 | D:3      | Found a transporter.
  2027 | D:3      | Noticed a hungry ghost
  2027 | D:3      | Noticed Kagalorn's ghost (amateur OpEE)
  2049 | D:3      | Noticed Natasha
  2073 | D:3      | Killed Natasha
  2125 | D:3      | Noticed Natasha
  2132 | D:3      | Killed Natasha
  2164 | D:3      | Found a transporter.
  2173 | D:3      | Noticed an ogre
  2182 | D:3      | Killed an ogre
  2182 | D:3      | Reached XP level 6. HP: 25/48 MP: 6/6
  2483 | D:3      | Noticed Natasha
  2491 | D:3      | Killed Natasha
  2983 | D:4      | Found a staircase to the Ecumenical Temple.
  2986 | D:4      | Reached *** piety under Trog
  2991 | D:4      | Found Uqejumam's Antique Weapon Shop.
  2995 | D:4      | Got a pitted pewter ring
  2997 | D:4      | Identified the ring "Diogoqaz" {-Tele rElec rPois rF+ rC+}
                  | (You found it on level 4 of the Dungeon)
  3002 | Temple   | Entered the Ecumenical Temple
  3052 | D:4      | Found Macuit Reor's Armour Shop.
  3056 | D:4      | Found a sand-covered staircase.
  3058 | D:4      | Bought a +1 ring mail of cold resistance for 176 gold
                  | pieces
  3102 | Ossuary  | Entered an ossuary
  3241 | Ossuary  | HP: 1/49 [human zombie (3)]
  3241 | Ossuary  | Slain by a big kobold zombie

Levels and vault maps discovered:
D:1:      dpeg_arrival_erosion, layout_loops_ring, minmay_cupped
D:2:      minmay_door_path, layout_basic, minitemple, minmay_heptomino_h4
D:3:      layout_loops_ring, gammafunk_ghost_mausoleum, uniq_natasha
D:4:      layout_rooms, minmay_temple_entry_glass, serial_shops, shop, shop,
          shop, nicolae_shop_crystal, shop, nicolae_ossuary_entry_monument
Temple:   grunt_temple_mini_profane
Ossuary:  ossuary_tomb_1

Skill      XL: |  1  2  3  4  5 |
---------------+----------------+-----
Maces & Flails | 3 4 |  4.9
Armour         | 2 3 |  3.3
Dodging        | 2 3 |  3.3
Fighting       | 4 |  4.3

Action                   |  1- 3 |  4- 6 || total
-------------------------+-------+-------++-------
Melee: Mace              |   154 |   266 ||   420
Invok: Berserk           |       |     7 ||     7
       Trog's Hand       |       |     2 ||     2
  Eat: Chunk             |     2 |    10 ||    12
       Ration            |       |     1 ||     1
Armor: Ring mail         |    83 |   180 ||   263
Dodge: Dodged            |   141 |   325 ||   466
